 Dungeon Crawl Stone Soup version 0.20.1-1-g8b1a95d (webtiles) character file.

115277 NoNouf the Warrior (level 16, -4/110 HPs)
             Began as a Gargoyle Fighter on June 22, 2017.
             Was the Champion of the Shining One.
             Slain by a stone giant (22 damage)
             ... on level 1 of the Shoals on July 9, 2017.
             The game lasted 03:43:27 (35787 turns).

NoNouf the Warrior (Gargoyle Fighter)              Turns: 35787, Time: 03:43:28

Health: -4/110     AC: 40    Str: 22    XL:     16   Next: 68%
Magic:  22/25      EV:  7    Int:  9    God:    the Shining One [******]
Gold:   2214       SH: 13    Dex: 14    Spells: 12/17 levels left

rFire    . . .     SeeInvis .   q - +7 flail (holy)
rCold    + . .     Gourm    +   c - +0 shield
rNeg     + + +     Faith    .   U - +3 plate armour {rF+}
rPois    ∞         Spirit   .   K - +2 hat
rElec    +         Reflect  .   g - +1 cloak
rCorr    .         Harm     .   z - +2 pair of gloves
MR       ++...     Rnd*Rage +   w - +0 pair of boots
Stlth    ..........             G - amulet of the gourmand
Regen    0.3/turn               B - ring of ice
MPRegen  0.2/turn               p - ring of protection from magic

@: flying, glowing
A: big wings, berserk 1, blurry vision 1, negative energy resistance 1,
electricity resistance, wild magic 1, unbreathing, petrification resistance, rot
immunity, AC +11
a: Stop Flying, Divine Shield, Cleansing Flame, Summon Divine Warrior, Brand
Weapon With Holy Wrath, Renounce Religion


You were on level 1 of the Shoals.
You worshipped the Shining One.
The Shining One was exalted by your worship.
You were completely stuffed.

You visited 6 branches of the dungeon, and saw 26 of its levels.

You collected 3081 gold pieces.
You spent 867 gold pieces at shops.

Inventory:

Hand Weapons
 q - a +7 flail of holy wrath (weapon)
 V - a +2 antimagic hand axe
Armour
 c - a +0 shield (worn)
 g - a +1 cloak (worn)
 w - a +0 pair of boots (worn)
 z - a +2 pair of gloves (worn)
 K - a +2 hat (worn)
 S - +0 fire dragon scales
 U - a +3 plate armour of fire resistance (worn)
Jewellery
 e - an uncursed ring of see invisible
 p - a ring of protection from magic (right hand)
 t - a +3 ring of evasion
 B - a ring of ice (left hand)
 G - an amulet of the gourmand (around neck)
 N - an uncursed ring of ice
Wands
 n - a wand of paralysis (3/24)
 u - a wand of polymorph (9/24)
 v - a wand of polymorph (7/24)
 x - a wand of polymorph (8/24)
 y - a wand of lightning (10/15)
 F - a wand of flame (15/48)
 I - a wand of enslavement (12/24)
 M - a wand of paralysis (11/24)
 P - a wand of flame (25/48)
 T - a wand of acid (5/15)
 W - a wand of flame (14/48)
 X - a wand of lightning (8/15)
Scrolls
 i - 7 scrolls of teleportation
 l - 7 scrolls of remove curse
 A - 9 scrolls of identify
 C - a scroll of amnesia
 J - a scroll of holy word
 Y - a scroll of magic mapping
 Z - 3 scrolls of recharging
Potions
 b - 2 potions of heal wounds
 h - 2 potions of resistance
 k - 2 potions of might
 s - 2 potions of brilliance
 D - 12 potions of curing
 H - a potion of agility
Books
 j - a book of Alchemy

   Spells                             Type                      Level
   a - Sublimation of Blood           Necromancy                   2
   b - Ignite Poison                  Fire/Transmutation/Poison    3
   c - Petrify                        Transmutation/Earth          4
   d - Alistair's Intoxication        Transmutation/Poison         5
   e - Irradiate                      Conjuration/Transmutation    5
 R - a book of Cantrips

   Spells                             Type                      Level
   a - Confusing Touch                Hexes                        1
   b - Animate Skeleton               Necromancy                   1
   c - Summon Small Mammal            Summoning                    1
   d - Apportation                    Translocation                1
Comestibles
 a - 5 fruits
 d - 12 royal jellies
 f - 10 bread rations
 m - 2 chunks of flesh
 o - 9 meat rations


   Skills:
 - Level 15.8 Fighting
 - Level 14.2 Maces & Flails
 + Level 14.1 Armour
 - Level 13.0 Shields
 - Level 1.1 Spellcasting
 - Level 5.3 Earth Magic
 - Level 12.3 Invocations


You had 12 spell levels left.
You knew the following spells:

 Your Spells              Type           Power        Failure   Level  Hunger
a - Petrify               Tmut/Erth      #.......     100%        4    #####..
b - Apportation           Tloc           #.....       99%         1    ##.....


Dungeon Overview and Level Annotations

Branches:
Dungeon (15/15)            Temple (1/1) D:7            Lair (6/6) D:10
 Shoals (1/4) Lair:2       Spider (0/4) Lair:3        Slime (0/5) Lair:6
    Orc (2/2) D:9             Elf (0/3) Orc:2        Vaults (0/5) D:14
 Depths (1/5) D:15

Altars:
Ashenzari
Cheibriados
Dithmenos
Elyvilon
Gozag
Hepliaklqana
Kikubaaqudgha
Okawaru
Qazlal
Ru
Sif Muna
Trog
Uskayaw
Xom
Yredelemnul
Zin
The Shining One
Beogh

Shops:
D:9 [   D:14 (   D:15 [}[   Orc:2 ?*


Innate Abilities, Weirdness & Mutations

You are resistant to torment.
Your stone body is resilient. (AC +11)
You are immune to poison.
Your large and strong wings let you fly indefinitely.
You resist negative energy. (rN+)
You are resistant to electric shocks. (rElec)
You can survive without breathing.
You are immune to petrification.
You are immune to rotting.
You tend to lose your temper in combat.
Scrolls take you a little longer to read.
Your spells are a little harder to cast, but a little more powerful.


Message History

The stone giant throws a large rock.
You block the large rock.
The cyclops throws a large rock.
You block the large rock.
You see here 2 large rocks.
The stone giant throws a large rock.
The large rock hits you!!!
* * * LOW HITPOINT WARNING * * *
The cyclops throws a large rock.
The large rock hits you but does no damage.
Things that are here:
3 large rocks; a cyclops corpse A stone giant is nearby!
You start resting.
Your angel hits the stone giant with a sacred scourge of holy wrath!!
Your angel hits the stone giant with a sacred scourge of holy wrath.
The stone giant hits your angel!!
Your angel completely misses the stone giant.
Your angel hits the stone giant but does no damage.
You hear a shout!
Your angel dissolves into sparkling lights!
The stone giant hits you!!
You die...

[≈≈≈≈..≈≈≈≈≈≈≈≈≈...≈.....≈≈≈≈≈≈#
#........(≈≈≈≈≈≈.........≈≈≈≈≈≈#
#....####.(≈))≈≈..........≈≈≈≈≈#
..≈.#####.(≈).≈≈≈.≈.......≈≈≈≈≈#
.....#P≈P≈P≈)PP≈≈≈≈.......≈≈≈≈≈#
≈≈...P≈P#####≈≈P..≈.....≈≈≈≈≈≈≈#
≈≈≈.≈P### ###≈≈...≈...≈≈≈≈≈≈≈#
≈≈≈PP## ##P≈.....≈≈≈≈≈≈≈≈#
≈≈≈≈## #@P(.....≈≈≈≈≈≈≈# ≈≈≈≈#
###C......≈≈≈≈≈≈≈# ≈≈≈≈#
##.#.......≈≈≈≈≈≈≈# ≈≈≈≈#
#(.((......≈≈≈≈≈≈≈# ≈..≈#
#.........≈≈≈≈≈≈≈≈# ...≈#
.≈≈≈#≈#......≈≈≈≈≈≈≈≈# ...≈#
...≈≈≈P#P.....≈≈≈≈≈≈≈≈# ...≈##
≈...≈PP#PP.....≈≈≈≈≈≈≈≈# ...P≈#
≈≈C≈CP# P≈.....≈≈≈


You could see a stone giant.

Vanquished Creatures
  An orc warlord (Orc:2)
  2 merfolk impalers (Shoals:1)
  4 fire dragons
  Fannar (Lair:3)
  Harold (Lair:3)
  4 vault guards (D:14)
  13 hydras
  A death knight (D:14)
  2 centaur warriors
  3 death yaks
  6 two-headed ogres
  2 tengu warriors
  A deep elf knight (D:14)
  A swamp dragon (Lair:6)
  2 unseen horrors (D:15)
  A sea snake (Shoals:1)
  3 lindwurms
  A wolf spider zombie (D:15)
  4 harpies (Shoals:1)
  7 orc knights
  3 wizards (D:14)
  2 deep elf magi (D:14)
  5 cyclopes
  7 fauns (Shoals:1)
  6 orc sorcerers
  6 manticores
  4 ugly things (D:15)
  2 elephants (Lair:3)
  A guardian serpent (shapeshifter) (D:15)
  3 merfolk sirens
  3 black mambas
  6 torpor snails
  A water nymph (Shoals:1)
  10 spiny frogs
  A gargoyle (D:14)
  7 rime drakes
  2 efreet
  8 komodo dragons
  A freezing wraith (D:14)
  4 merfolk (Shoals:1)
  3 tyrant leeches (Lair:6)
  10 trolls
  A queen bee (Lair:3)
  10 hornets
  4 blink frogs (Lair:5)
  7 dream sheep (Lair:6)
  18 hippogriffs
  6 slime creatures (D:14)
  A water elemental (Shoals:1)
  2 vampires
  2 shadows (D:13)
  4 wyverns
  Eustachio (D:4)
  62 yaks
  6 basilisks
  5 wraiths
  A human (D:14)
  3 hungry ghosts
  4 steam dragons
  2 vampire mosquitoes (D:15)
  4 wargs
  2 soldier ants
  3 acid dragons
  20 water moccasins
  Duvessa (D:4)
  44 orc warriors
  8 porcupines
  8 sky beasts
  2 ice beasts
  5 black bears
  An eye of draining (D:14)
  A necrophage (D:14)
  29 wolves
  18 ogres
  16 centaurs
  21 crocodiles
  A big kobold (D:10)
  23 bullfrogs
  Blork the orc (D:4)
  A wyvern zombie (D:13)
  A wyvern skeleton (D:10)
  4 scorpions
  Dowan (D:4)
  31 killer bees
  5 electric eels
  2 howler monkeys
  6 centaur zombies
  11 crimson imps
  16 hounds
  Crazy Yiuf (D:2)
  8 jellies
  2 bullfrog skeletons
  A bullfrog zombie (D:8)
  24 orc priests
  4 iguanas
  2 centaur skeletons
  Terence (D:3)
  21 orc wizards
  14 worker ants
  A killer bee zombie (D:6)
  A hound zombie (D:10)
  A worker ant zombie (D:8)
  13 gnolls
  12 adders
  7 shadow imps
  4 oozes
  2 adder skeletons
  2 worms
  A dart slug (D:1)
  4 leopard geckos
  115 orcs
  A ball python (D:3)
  7 bats
  6 giant cockroaches
  4 goblins
  3 hobgoblins
  4 jackals
  2 kobolds
  5 quokkas
  7 frilled lizards
  A leopard gecko skeleton (D:6)
  A quokka zombie (D:5)
  5 rats
  A bush (Lair:1)
  2 plants (Lair:6)
870 creatures vanquished.

Vanquished Creatures (collateral kills)
  A frost giant (Shoals:1)
  3 cyclopes (Shoals:1)
  3 ugly things (D:15)
  A manticore (D:15)
  3 orc warriors (D:13)
  An ogre (D:13)
  An orc priest (D:13)
  6 orcs (D:13)
19 creatures vanquished.

Vanquished Creatures (others)
  A yak (D:14)
  A crocodile (Lair:6)
  A bush (Lair:4)
  29 fungi
  31 plants
63 creatures vanquished.

Grand Total: 952 creatures vanquished

Notes
Turn   | Place    | Note
-------+----------+-------------------------------------------
     0 | D:1      | NoNouf the Gargoyle Fighter began the quest for the Orb.
     0 | D:1      | Reached XP level 1. HP: 14/14 MP: 1/1
    80 | D:1      | Reached XP level 2. HP: 15/19 MP: 2/2
   880 | D:2      | Reached XP level 3. HP: 17/24 MP: 3/3
  1271 | D:2      | Found a runed door.
  1275 | D:2      | Noticed Crazy Yiuf
  1281 | D:2      | Killed Crazy Yiuf
  1281 | D:2      | Reached skill level 4 in Fighting
  1281 | D:2      | Reached XP level 4. HP: 8/29 MP: 4/4
  2121 | D:3      | Reached skill level 5 in Armour
  2121 | D:3      | Reached XP level 5. HP: 34/34 MP: 5/5
  2220 | D:3      | Reached skill level 5 in Fighting
  2256 | D:3      | Noticed Terence
  2286 | D:3      | Killed Terence
  2463 | D:4      | You fall through a shaft for 2 floors!
  2475 | D:6      | Reached XP level 6. HP: 36/40 MP: 6/6
  2614 | D:6      | Noticed an ice beast
  2623 | D:6      | Reached skill level 6 in Fighting
  2639 | D:5      | Entered Level 5 of the Dungeon
  2643 | D:5      | Noticed a sky beast
  2660 | D:5      | Killed an ice beast
  2660 | D:5      | Reached XP level 7. HP: 23/46 MP: 7/7
  3459 | D:4      | Noticed Blork the orc
  3468 | D:4      | Killed Blork the orc
  3468 | D:4      | Reached skill level 7 in Fighting
  3545 | D:4      | Noticed Dowan
  3584 | D:4      | Killed Dowan
  3584 | D:4      | Reached XP level 8. HP: 44/53 MP: 8/8
  3827 | D:4      | Noticed Eustachio
  4027 | D:4      | Killed Eustachio
  4270 | D:4      | Reached skill level 8 in Fighting
  4441 | D:4      | Noticed Duvessa
  4460 | D:4      | Killed Duvessa
  5588 | D:6      | Reached skill level 9 in Fighting
  5658 | D:6      | Reached XP level 9. HP: 53/60 MP: 9/9
  6033 | D:6      | Found a shattered altar of Ashenzari.
  6410 | D:7      | Reached skill level 10 in Fighting
  6410 | D:7      | Reached skill level 10 in Armour
  7207 | D:7      | Found a staircase to the Ecumenical Temple.
  7221 | Temple   | Entered the Ecumenical Temple
  7257 | Temple   | Became a worshipper of the Shining One
  7854 | D:8      | Found a stormy altar of Qazlal.
  7924 | D:8      | Noticed a two-headed ogre
  7924 | D:8      | Reached skill level 11 in Fighting
  8456 | D:6      | Reached XP level 10. HP: 70/70 MP: 10/10
  9700 | D:10     | Entered Level 10 of the Dungeon
  9702 | D:10     | Reached * piety under the Shining One
 10063 | D:9      | Reached skill level 1 in Invocations
 10359 | D:9      | HP: 3/71 [yak (6)]
 10455 | D:9      | HP: 2/71 [yak (10)]
 10591 | D:9      | HP: 1/71 [yak (8)]
 10595 | D:9      | Reached skill level 5 in Invocations
 11576 | D:9      | Found Qefrioch's Antique Armour Emporium.
 11595 | D:9      | Bought a pair of gloves for 126 gold pieces
 11613 | D:9      | Found a staircase to the Orcish Mines.
 11681 | D:9      | Noticed a two-headed ogre
 11986 | D:9      | Killed a two-headed ogre
 12139 | D:9      | Upgraded the game from 0.20.0-15-g7f486f2 to 0.20.1-1-g8b1a95d
 12152 | D:9      | Reached XP level 11. HP: 72/76 MP: 15/15
 12168 | D:9      | Reached skill level 5 in Maces & Flails
 12510 | D:9      | Noticed a two-headed ogre
 12522 | D:9      | Killed a two-headed ogre
 13230 | D:10     | Found a staircase to the Lair.
 13596 | D:10     | Reached ** piety under the Shining One
 13965 | Lair:1   | Entered Level 1 of the Lair of Beasts
 14934 | Lair:2   | Reached skill level 10 in Maces & Flails
 15277 | Lair:2   | Reached XP level 12. HP: 72/81 MP: 16/16
 15475 | Lair:2   | Noticed a four-headed hydra
 15492 | Lair:2   | Killed a four-headed hydra
 15830 | Lair:2   | Found a staircase to the Shoals.
 15844 | Lair:2   | Reached skill level 5 in Shields
 16984 | Lair:2   | Noticed a four-headed hydra
 17001 | Lair:2   | Killed a four-headed hydra
 17502 | Lair:3   | Reached skill level 10 in Shields
 17613 | Lair:3   | Reached XP level 13. HP: 71/85 MP: 17/17
 17704 | Lair:3   | Noticed Fannar
 17704 | Lair:3   | Reached *** piety under the Shining One
 17959 | Lair:3   | HP: 6/127 [Fannar/Ozocubu's Refrigeration (15)]
 17963 | Lair:3   | Killed Fannar
 18921 | Lair:3   | Noticed Harold
 18938 | Lair:3   | Killed Harold
 18991 | Lair:3   | Found a hole to the Spider Nest.
 19433 | Lair:4   | Noticed an entropy weaver
 19436 | Lair:4   | Noticed an entropy weaver
 19932 | Lair:4   | The Shining One protects you from harm!
 19977 | Lair:4   | HP: 3/85 [water moccasin (9)]
 21807 | Lair:6   | Entered Level 6 of the Lair of Beasts
 22211 | Lair:6   | Gained mutation: Your large and strong wings let you fly indefinitely. [Gargoyle growth]
 22211 | Lair:6   | Reached XP level 14. HP: 91/91 MP: 18/18
 23123 | Lair:5   | Reached skill level 12 in Fighting
 24033 | Lair:6   | Found a staircase to the Slime Pits.
 24102 | Lair:6   | Reached skill level 13 in Fighting
 24721 | Lair:6   | Found a runed door.
 25108 | Lair:6   | Reached skill level 14 in Fighting
 26114 | Orc:1    | Entered Level 1 of the Orcish Mines
 26271 | Orc:1    | Reached **** piety under the Shining One
 26902 | Orc:1    | Reached skill level 15 in Fighting
 26941 | Orc:1    | Found a bloodstained altar of Trog.
 27283 | Orc:2    | Entered Level 2 of the Orcish Mines
 27815 | Orc:2    | Reached XP level 15. HP: 75/103 MP: 19/19
 27972 | Orc:2    | Found a roughly hewn altar of Beogh.
 28119 | Orc:2    | Found Bostyd's Assorted Antiques.
 28242 | Orc:2    | Bought a metal-bound book for 450 gold pieces
 28247 | Orc:2    | Learned a level 4 spell: Petrify
 28253 | Orc:2    | Found Keefrefek's Magic Scroll Shoppe.
 28261 | Orc:2    | Reached skill level 1 in Earth Magic
 28297 | Orc:2    | Bought a scroll of enchant weapon for 97 gold pieces
 28297 | Orc:2    | Bought a scroll of enchant weapon for 97 gold pieces
 28297 | Orc:2    | Bought a scroll of enchant armour for 97 gold pieces
 28526 | Orc:2    | Reached ***** piety under the Shining One
 28643 | Orc:2    | Found a staircase to the Elven Halls.
 28796 | Orc:2    | Noticed an orc warlord
 28814 | Orc:2    | Killed an orc warlord
 29131 | D:11     | Reached skill level 5 in Earth Magic
 29354 | D:11     | Reached skill level 1 in Spellcasting
 29524 | D:11     | Got a warped rapier
 29525 | D:11     | Identified the +0 rapier "Zeplubuj" {holy, MR- Dex+4} (You found it on level 11 of the Dungeon)
 30030 | D:11     | You are sucked into a shaft for 3 floors!
 30106 | D:14     | Found a gate to the Vaults.
 30265 | D:14     | Found Cidiotol's Weapon Shoppe.
 30450 | D:14     | Learned a level 1 spell: Apportation
 30925 | D:14     | Reached skill level 10 in Invocations
 32025 | D:13     | Reached ****** piety under the Shining One
 32948 | D:13     | Reached XP level 16. HP: 106/110 MP: 24/24
 33092 | D:13     | Gained mutation: Armour fits poorly on your strangely shaped body. [potion of mutation]
 33092 | D:13     | Gained mutation: You are frail. (-10% HP) [potion of mutation]
 33092 | D:13     | Gained mutation: You are resistant to hostile enchantments. (MR+) [potion of mutation]
 33094 | D:13     | Lost mutation: Armour fits poorly on your strangely shaped body. [potion of mutation]
 33094 | D:13     | Lost mutation: You are resistant to hostile enchantments. (MR+) [potion of mutation]
 33094 | D:13     | Lost mutation: You are frail. (-10% HP) [potion of mutation]
 33094 | D:13     | Gained mutation: You tend to lose your temper in combat. [potion of mutation]
 33094 | D:13     | Gained mutation: Scrolls take you a little longer to read. [potion of mutation]
 33094 | D:13     | Gained mutation: Your spells are a little harder to cast, but a little more powerful. [potion of mutation]
 33207 | D:13     | Found a roughly hewn altar of Beogh.
 33722 | D:15     | Entered Level 15 of the Dungeon
 33748 | D:15     | Found Ahofevuwk's Antique Armour Emporium.
 33790 | D:15     | Found Bicoloq's Gadget Emporium.
 34225 | D:15     | Got a wavering jade ring
 34227 | D:15     | Identified the cursed ring of Dahaw {rPois Str-2} (You found it on level 15 of the Dungeon)
 34457 | D:15     | Found a staircase to the Depths.
 34483 | Depths:1 | Entered Level 1 of the Depths
 34673 | D:15     | Found Wolyirch's Antique Armour Emporium.
 35056 | Shoals:1 | Entered Level 1 of the Shoals
 35787 | Shoals:1 | Slain by a stone giant

Skill      XL: |  1  2  3  4  5  6  7  8  9 10 11 12 13 14 15 16 |
---------------+-------------------------------------------------+-----
Armour         | 4 5 6 7 9 10 11 14 | 14.1
Fighting       | 4 5 6 7 9 11 15 | 15.8
Invocations    | 5 11 12 | 12.3
Maces & Flails | 4 10 11 13 14 | 14.2
Shields        | 10 13 | 13.0
Earth Magic    | 5 |  5.3
Spellcasting   | 1 |  1.1

Action                   |  1- 3 |  4- 6 |  7- 9 | 10-12 | 13-15 | 16-18 || total
-------------------------+-------+-------+-------+-------+-------+-------++-------
Melee: Flail             |    73 |   178 |   581 |   996 |  2220 |   400 ||  4448
Invok: Divine Shield     |       |       |       |       |    10 |       ||    10
       Cleansing Flame   |       |       |       |       |     2 |     1 ||     3
       Summon Divine War |       |       |       |       |       |     3 ||     3
 Abil: Fly               |       |       |       |       |     1 |       ||     1
Evoke: Wand              |       |       |       |     4 |     9 |       ||    13
  Use: Scroll            |     1 |     2 |     5 |     9 |    24 |     4 ||    45
       Potion            |       |     9 |     4 |     3 |     5 |     7 ||    28
  Eat: Chunk             |     1 |     5 |    14 |    20 |    69 |    13 ||   122
       Bread ration      |       |       |     2 |     1 |       |       ||     3
       Meat ration       |       |       |       |     1 |       |       ||     1
Armor: Scale mail        |    40 |   113 |   353 |   511 |   617 |       ||  1634
       Skin              |       |       |       |       |     6 |       ||     6
       Plate armour      |       |       |       |       |   245 |   196 ||   441
Dodge: Dodged            |    19 |    68 |   221 |   313 |   643 |    83 ||  1347
Block: Shield            |    23 |    98 |   339 |   473 |  1386 |   225 ||  2544
